 Dungeon Crawl Stone Soup version 0.27.0-1-g7a089689b8 (webtiles) character file.

Game seed: 11790347858664645305

57 Malachi the Skirmisher (level 3, -4/32 HPs)
             Began as a Palentonga Abyssal Knight on Aug 15, 2021.
             Was a Follower of Lugonu.
             Killed from afar by Terence (6 damage)
             ... with a puff of flame
             ... on level 2 of the Dungeon.
             The game lasted 00:03:44 (3271 turns).

Malachi the Skirmisher (Palentonga Abyssal Knight)  Turns: 3271, Time: 00:03:45

Health: -4/32      AC:  6    Str: 16    XL:     3   Next: 73%
Magic:  4/4        EV:  7    Int: 12    God:    Lugonu [*.....]
Gold:   134        SH:  0    Dex: 15    Spells: 2/2 levels left

rFire    . . .     SeeInvis +   a - +2 mace
rCold    . . .     Faith    .   (no shield)
rNeg     . . .     Spirit   .   n - +0 scale mail
rPois    .         Reflect  .   (no helmet)
rElec    .         Harm     .   (no cloak)
rCorr    .         Rampage  .   (no gloves)
Will     .....                  (no barding)
Stlth    ..........             (no amulet)
HPRegen  0.10/turn              g - +6 ring of dexterity
MPRegen  0.09/turn              (no ring)

@: no status effects
A: large, rugged brown scales 3, see invisible, deformed body, roll 1, armoured
tail
a: Rolling Charge, Renounce Religion, Depart the Abyss


You were on level 2 of the Dungeon.
You worshipped Lugonu.
Lugonu was aware of your devotion.
You visited 1 branch of the dungeon, and saw 3 of its levels.
You visited the Abyss 1 time.

You collected 134 gold pieces.

Inventory:

Hand Weapons
 a - a +2 mace (weapon)
 j - a +1 whip of pain
 q - a +2 short sword of venom
Armour
 b - a +0 leather armour
 d - a +0 plate armour
 i - a +1 ring mail
 n - a +0 scale mail (worn)
Magical Staves
 l - a staff of cold
Jewellery
 g - a +6 ring of dexterity (left hand)
Wands
 o - a wand of polymorph (8)
Scrolls
 e - a scroll of amnesia
 k - a scroll of torment
Potions
 c - 2 potions of haste
 f - a potion of curing {unknown}
 h - a potion of heal wounds {unknown}
 m - a potion of magic {unknown}
 p - a potion of brilliance {unknown}


   Skills:
 + Level 3.7 Fighting
 + Level 2.7 Maces & Flails
 + Level 1.9 Armour
 + Level 1.1 Dodging
 + Level 0.1 Stealth
 + Level 2.1 Invocations


You had 2 spell levels left.
You didn't know any spells.
Your spell library was empty.

Dungeon Overview and Level Annotations

Branches:
Dungeon (3/15)

Altars:

Annotations:
D:2 Terence


Innate Abilities, Weirdness & Mutations

You are completely covered in rugged brown scales. (AC +3, +7% HP)
You have supernaturally acute eyesight. (SInv)
Armour fits poorly on your strangely shaped body.
You can roll at nearby foes to attack.
You have a long armoured tail.


Message History

Done exploring.
Done exploring.
No target in view!
No target in view!
There is a stone staircase leading down here.
You climb downwards.
A bat and Terence come into view.
Terence is wielding a +0 hand axe, wearing a +2 chain mail of cold resistance and carrying a wand of flame (17).
Terence shouts!
There is a stone staircase leading up here.
There are monsters nearby!
There are monsters nearby!
The bat hits you but does no damage.
A giant cockroach comes into view.
You hit the bat.
You kill the bat!
Lugonu accepts your kill.
The teleport trap disappears.
The giant cockroach disappears!
Terence closely misses you.
Found a scroll labelled VORAOT KOSCHUA.
You hit Terence but do no damage. Terence hits you with a +0 hand axe.
You hit Terence but do no damage. Terence hits you with a +0 hand axe.
You hit Terence but do no damage. You tail-slap Terence.
Terence is moderately wounded.
Terence hits you with a +0 hand axe. x2
You are too injured to fight recklessly!
You are too injured to fight recklessly!
You see here a bat corpse.
There is a stone staircase leading up here.
Terence zaps a wand.
The puff of flame hits you.
* * * LOW HITPOINT WARNING * * *
You climb upwards.
There is a stone staircase leading down here.
Unknown command.
Terence hits you with a +0 hand axe.
* * * LOW HITPOINT WARNING * * *
Terence zaps a wand.
The puff of flame hits you.
* * * LOW HITPOINT WARNING * * *
Terence zaps a wand.
The puff of flame hits you.
You die...

.............#.#........# #.
'##..........#.#........# #.
.##...##............##### #.
..#...##............# #.
#.#...##............#########
##
#.#...##.........@..........#
#.#.........................#
#...........................#
##............).@...........#
#........####....#.........#
#........# #....#.........#
#.......(# #....#.........#
##...†...# #....###########
#..#....####....# #
##.#....#.......# #
#......#......## #
##.....#......#


You could see Terence.

Vanquished Creatures
  An adder (D:2)
  An ufetubus (Abyss:2)
  2 worms (D:2)
  A dart slug (D:2)
  4 ball pythons
  5 giant cockroaches
  2 goblins
  2 hobgoblins
  3 quokkas
  4 bats
  A frilled lizard (D:1)
  4 kobolds
  2 rats (D:2)
32 creatures vanquished.

Vanquished Creatures (others)
  A lurking horror (Abyss:2)
1 creature vanquished.

Grand Total: 33 creatures vanquished

Notes
Turn   | Place    | Note
-------+----------+-------------------------------------------
     0 | Abyss:1  | Malachi the Palentonga Abyssal Knight began the quest for
                  | the Orb.
     0 | Abyss:1  | Reached XP level 1. HP: 19/19 MP: 2/2
    61 | Abyss:2  | Noticed a large abomination
   105 | Abyss:2  | Noticed a spatial vortex
   302 | Abyss:2  | Noticed a smoke demon
   304 | D:1      | Escaped the Abyss
   587 | D:1      | Reached XP level 2. HP: 25/25 MP: 3/3
   805 | D:1      | Found a faded altar of an unknown god.
   837 | D:1      | Reached * piety under Lugonu
  1848 | D:2      | Reached XP level 3. HP: 32/32 MP: 4/4
  1983 | D:2      | HP: 1/32 [poisoned by a kobold]
  2094 | D:2      | Reached skill level 1 in Dodging
  3242 | D:3      | Noticed Terence
  3271 | D:2      | Killed from afar by Terence

Illustrated notes

Levels and vault maps discovered:
D:1:      zelgadis_glass_arrival_small, layout_loops_corners,
          basic_ecumenical_altar
D:2:      layout_basic
D:3:      layout_rooms, nicolae_yredelemnul_corpse_copse, uniq_jessica,
          uniq_terence

Skill      XL: |  1  2  3 |
---------------+----------+-----
Dodging        | 1 |  1.1
Fighting       | |  3.7
Maces & Flails | |  2.7
Armour         | |  1.9
Stealth        | |  0.1
Invocations    | |  2.1

Action                   || total
-------------------------++-------
Melee: Mace              ||    81
       Tailslap          ||     7
Invok: Depart the Abyss  ||     1
  Use: Scroll            ||     5
 Stab: Sleeping          ||     1
Armor: Leather armour    ||     6
       Ring mail         ||    22
       Plate armour      ||    11
       Scale mail        ||     9
Dodge: Dodged            ||    34
